 Dungeon Crawl Stone Soup version 0.17-a0-737-gf0a300a (webtiles) character file.

400 Chiseanne the Insei (level 6, -2/39 HPs)
             Began as an Octopode Transmuter on Apr 28, 2015.
             Slain by a gnoll
             ... wielding a +0 whip
              (4 damage)
             ... on level 4 of the Dungeon.
             The game lasted 00:12:47 (4666 turns).

Chiseanne the Insei (Octopode Transmuter)           Turns: 4666, Time: 00:12:47

Health: -2/39      AC:  2    Str: 12    XL:     6   Next: 84%
Magic:  9/11       EV: 21    Int: 15    God:
Gold:   174        SH:  0    Dex: 17    Spells: 3 memorised, 6 levels left

rFire  . . .     SeeInvis .       - Unarmed
rCold  . . .     Clarity  .     (shield currently unavailable)
rNeg   . . .     SustAb   .     (helmet currently unavailable)
rPois  x         Gourm    .     (no amulet)
rElec  .         Spirit   .     p - ring of stealth
rCorr  .         Warding  .     (no ring)
rMut   .         Stasis   .     (no ring)
MR     .....                    (no ring)
Stlth  +++.......               (no ring)
                                (no ring)
                                (no ring)
                                (no ring)

@: spider-form (expiring), not resistant to hostile enchantments, fairly
stealthy
A: almost no armour, amphibious, 8 rings, (constrict 8), (camouflage 0),
(gelatinous body 0)
a: End Transformation


You were on level 4 of the Dungeon.
You were not hungry.
You were a venomous arachnid creature.
You visited 1 branch of the dungeon, and saw 4 of its levels.

You collected 174 gold pieces.

Inventory:

Missiles
 a - 2 tomahawks
 d - 68 bolts
 i - 8 tomahawks of returning (quivered)
 k - 10 sling bullets of frost
Jewellery
 p - a ring of stealth (left front leg)
Scrolls
 e - 2 scrolls of magic mapping
 l - 2 scrolls of fear
 n - a scroll of enchant armour
 o - 2 scrolls of teleportation
 r - a scroll of enchant weapon
Potions
 h - 3 potions of curing
 j - 2 potions of magic
 m - 3 potions of brilliance {unknown}
 q - a potion of agility {unknown}
Books
 b - a book of Changes

   Spells                             Type                      Level
   a - Beastly Appendage              Transmutation                1
   b - Sticks to Snakes               Transmutation                2
   c - Spider Form                    Transmutation/Poison         3
   d - Ice Form                       Ice/Transmutation            4
   e - Blade Hands                    Transmutation                5
Comestibles
 c - 4 bread rations
 f - a royal jelly
 g - a beef jerky


   Skills:
 * Level 2.2 Fighting
 * Level 3.7 Dodging
 * Level 4.2 Unarmed Combat
 * Level 3.5 Spellcasting
 * Level 3.8 Transmutations


You had 6 spell levels left.
You knew the following spells:

 Your Spells              Type           Power        Failure   Level  Hunger
a - Beastly Appendage     Trmt           ##....       14%         1    None
b - Sticks to Snakes      Trmt           ##........   21%         2    ##.....
c - Spider Form           Trmt/Pois      #.........   52%         3    ###....


Dungeon Overview and Level Annotations

Branches:
Dungeon (4/15)
 Temple: D:4-7

Altars:

Annotations:
D:3 Ngotmuk's ghost, average DDFi


Innate Abilities, Weirdness & Mutations

You cannot wear most types of armour.
You are amphibious.
You can wear up to eight rings at the same time.
((You can use your tentacles to constrict eight enemies at once.))
((Your skin changes colour to match your surroundings (Stealth).))
((Your rubbery body absorbs attacks (AC +1).))


Message History

The gnoll hits you with a flail! The gnoll hits you with a whip.
You hit the gnoll.
The gnoll is severely wounded.
The gnoll barely misses you. The gnoll misses you.
You bite the gnoll!
You kill the gnoll!
Your transformation is almost over.
The gnoll hits you with a whip.
You barely miss the gnoll. The gnoll misses you. The gnoll misses you.
You bite the gnoll!
The gnoll is heavily wounded.
You closely miss the gnoll.
The gnoll is heavily wounded.
The gnoll hits you with a whip!
* * * LOW HITPOINT WARNING * * *
The gnoll completely misses you.
You hit the gnoll.
The gnoll is poisoned.
The gnoll is severely wounded.
The gnoll hits you with a whip.
You die...

....## . #.#. ..# # ..
#.... . .... #... #.
...###### #..##..
#......###...... .#
#.............# #..##
#..)g.......# #...
##..gs.......## #..
#...).........## #.
#....).........## ##.
#.................####..
..#...##.......#........
#... ###........#####.
##.# #.###...## ## #.
#.# ##..# # ##.# #..# #


You could see 2 gnolls.

Vanquished Creatures
  Sigmund (D:4)
  An orc wizard (D:4)
  6 adders
  2 shadow imps
  4 gnolls (D:4)
  2 oozes
  A worm (D:3)
  4 giant geckos
  8 orcs
  2 ball pythons
  10 bats
  A giant cockroach (D:2)
  12 goblins
  12 hobgoblins
  8 jackals
  A giant newt (D:3)
  5 kobolds (D:1)
  8 rats
88 creatures vanquished.

Vanquished Creatures (collateral kills)
  2 worms (D:2)
2 creatures vanquished.

Grand Total: 90 creatures vanquished

Notes
Turn   | Place    | Note
--------------------------------------------------------------
     0 | D:1      | Chiseanne, the Octopode Transmuter, began the quest for the Orb.
     0 | D:1      | Reached XP level 1. HP: 13/13 MP: 3/3
   376 | D:1      | Reached XP level 2. HP: 15/18 MP: 3/5
   428 | D:1      | Learned a level 2 spell: Sticks to Snakes
   712 | D:1      | Reached XP level 3. HP: 23/23 MP: 6/6
   880 | D:1      | Learned a level 3 spell: Spider Form
  1908 | D:2      | Reached XP level 4. HP: 18/28 MP: 5/7
  3021 | D:3      | Noticed Ngotmuk's ghost (average DDFi)
  3208 | D:3      | Reached XP level 5. HP: 28/33 MP: 6/9
  3763 | D:4      | Noticed Sigmund
  3779 | D:4      | Killed Sigmund
  3779 | D:4      | Reached skill level 4 in Unarmed Combat
  3779 | D:4      | Reached XP level 6. HP: 17/39 MP: 7/10
  4666 | D:4      | Slain by a gnoll

Action                   |  1- 3 |  4- 6 || total
-------------------------+-------+-------++-------
Melee: Unarmed           |    78 |   147 ||   225
 Cast: Beastly Appendage |    25 |    18 ||    43
       Sticks to Snakes  |     5 |     7 ||    12
       Spider Form       |       |     9 ||     9
  Use: Scroll            |     8 |     4 ||    12
 Stab: Sleeping          |     2 |     4 ||     6
  Eat: Chunk             |     3 |     7 ||    10
       Fruit             |       |     5 ||     5
